 Seeded DCSS version 0.27.0-1-g7a08968 (webtiles) character file.

Game seed: 17848141825139092340 (custom seed)

21 NeededCrab the Chucker (level 2, 0/31 HPs)
             Began as an Ogre Hunter on Oct 22, 2021.
             Was an Initiate of Trog.
             Slain by an ogre (31 damage)
             ... on level 4 of the Dungeon.
             The game lasted 00:03:35 (1795 turns).

NeededCrab the Chucker (Ogre Hunter)                Turns: 1795, Time: 00:03:35

Health: 0/31       AC:  3    Str: 15    XL:     2   Next: 87%
Magic:  2/2        EV:  9    Int: 12    God:    Trog [......]
Gold:   59         SH:  0    Dex:  9    Spells: 1/1 levels left

rFire    . . .     SeeInvis .   h - +0 club
rCold    . . .     Faith    +   (no shield)
rNeg     . . .     Spirit   .   b - +0 robe
rPois    .         Reflect  .   (helmet restricted)
rElec    .         Harm     .   (no cloak)
rCorr    .         Rampage  .   (gloves unavailable)
Will     .....                  (boots unavailable)
Stlth    +.........             a - amulet of faith
HPRegen  0.10/turn              (no ring)
MPRegen  0.08/turn              (no ring)

@: no status effects
A: large, unfitting armour, tough skin 1
a: Renounce Religion


You were on level 4 of the Dungeon.
You worshipped Trog.
Trog was noncommittal.
You visited 2 branches of the dungeon, and saw 4 of its levels.

You collected 59 gold pieces.

Inventory:

Hand Weapons
 h - a +0 club (weapon)
Missiles
 c - 5 large rocks (quivered)
 d - 2 throwing nets
Armour
 b - a +0 robe (worn)
Jewellery
 a - an amulet of faith (around neck)
Scrolls
 f - a scroll of immolation {unknown}
 j - a scroll of teleportation {unknown}
Potions
 e - a potion of berserk rage {unknown}
 g - a potion of lignification {unknown}
 i - a potion of degeneration {unknown}


   Skills:
 + Level 3.1 Fighting
 * Level 1.4 Maces & Flails
 + Level 4.2 Throwing
 - Level 1.7 Dodging
 - Level 0.6 Stealth


You had one spell level left.
You didn't know any spells.
Your spell library was empty.

Dungeon Overview and Level Annotations

Branches:
Dungeon (4/15)             Temple (1/1) D:4

Altars:
Ashenzari
Cheibriados
Fedhas
Gozag
Makhleb
Okawaru
Ru
Sif Muna
Trog
Uskayaw
Vehumet
Wu Jian
Xom
Yredelemnul
Zin
The Shining One


Innate Abilities, Weirdness & Mutations

You are too large for most types of armour.
You have tough skin. (AC +1)


Message History

You barely miss the ball python. The ball python bites you.
The ball python misses you.
The ogre shouts!
You hit the ball python.
You kill the ball python!
Trog accepts your kill.
The ball python bites you but does no damage.
The ball python completely misses you.
You hit the ball python but do no damage.
The ball python bites you but does no damage.
You hit the ball python but do no damage.
The ball python bites you. The ball python barely misses you.
The ball python bites you.
You climb downwards.
Welcome back to the Ecumenical Temple!
There is a staircase back to the Dungeon here.
You hit the ball python.
The ball python is heavily wounded.
The ball python completely misses you.
You closely miss the ball python.
The ball python is heavily wounded.
The ball python bites you but does no damage. x2
You closely miss the ball python.
The ball python is heavily wounded.
The ball python barely misses you.
You hit the ball python.
The ball python is severely wounded.
The ball python bites you but does no damage. x2
You hit the ball python.
You kill the ball python!
Trog accepts your kill.
No target in view!
No target in view!
You start resting.
HP restored.
You climb upwards.
Welcome back to the Dungeon!
You hear the sound of rushing water.
There is an entrance to a sewer on this level.
Hurry and find it before the portal rusts away!
The ogre hits you with a +0 giant spiked club!!
Ouch! That really hurt!
You die...

##......................
......................#
....†.#....##....#....##.
...####....##............
...........##...#.#......
..............###.# ..$.
............###...##.....
..........#......†.#.....
............##..@..##....
##......###..#...O....#..
#.......# #..##...###...
. ...... #...#.### ...
.... ....#.#.. .. ......
. ..#.#.. .. ...


You could see an ogre.

Vanquished Creatures
  4 ball pythons
  3 endoplasms
  A giant cockroach (D:1)
  A goblin (D:1)
  2 hobgoblins
  3 kobolds (D:1)
  2 quokkas (D:1)
  A frilled lizard (D:1)
  A rat (D:1)
18 creatures vanquished.

Notes
Turn   | Place    | Note
-------+----------+-------------------------------------------
     0 | D:1      | NeededCrab the Ogre Hunter began the quest for the Orb.
     0 | D:1      | Reached XP level 1. HP: 22/22 MP: 1/1
   330 | D:1      | Reached XP level 2. HP: 29/29 MP: 2/2
   397 | D:1      | Reached skill level 1 in Maces & Flails
  1435 | D:2      | You fall into a shaft and drop 2 floors!
  1578 | D:4      | Found a staircase to the Ecumenical Temple.
  1587 | Temple   | Entered the Ecumenical Temple
  1737 | Temple   | Became a worshipper of Trog the Wrathful
  1759 | D:4      | Noticed an ogre
  1795 | D:4      | Slain by an ogre

Illustrated notes

Levels and vault maps discovered:
D:1:      onia_arrival_handbag, layout_basic
D:2:      layout_basic, hellmonk_ecumenical_altar_watching_god, st_stairs_11,
          minmay_misc_feat_four_crosses, uniq_sigmund, uniq_natasha
D:4:      layout_basic, minmay_temple_entry_slanted, serial_shops,
          shop_fountains, portal_sewer_entry_e, amcnicky_mini_corridor_feature,
          chequers_decorated_corner, hangedman_decor_slide_cut,
          chequers_serial_rivers_micro_b, kennysheep_generic_room_5, uniq_ijyb,
          uniq_pikel, uniq_edmund
Temple:   eino_temple_rhombus

Skill      XL: |  1  2 |
---------------+-------+-----
Fighting       | 3 |  3.1
Maces & Flails | 1 |  1.4
Throwing       | |  4.2
Dodging        | |  1.7
Stealth        | |  0.6

Action                   || total
-------------------------++-------
Melee: Short sword       ||    36
       Club              ||    30
Throw: Large rock        ||     6
 Stab: Sleeping          ||     1
Armor: Robe              ||    25
Dodge: Dodged            ||    46
